 Dungeon Crawl Stone Soup version 0.25.1-9-gc5326a611f (webtiles) character file.

Game seed: 10168912962524955965

7387 Eitelfritz the Carver (level 11, -5/95 HPs)
             Began as a Hill Orc Fighter on Dec 30, 2020.
             Slain by an orc warrior
             ... wielding a +2 glaive of distortion
             ... summoned by a wight
              (23 damage)
             ... on level 10 of the Dungeon.
             The game lasted 00:34:50 (13299 turns).

Eitelfritz the Carver (Hill Orc Fighter)           Turns: 13299, Time: 00:34:51

Health: -5/95      AC: 11    Str: 21    XL:     11   Next: 14%
Magic:  11/11      EV:  8    Int: 10    God:
Gold:   379        SH: 12    Dex: 10    Spells: 8/10 levels left

rFire    . . .     SeeInvis .   h - +3 falchion (freeze)
rCold    . . .     Gourm    .   c - +1 kite shield
rNeg     . . .     Faith    .   g - +0 chain mail
rPois    .         Spirit   .   (no helmet)
rElec    .         Reflect  .   (no cloak)
rCorr    .         Harm     .   (no gloves)
MR       .....                  (no boots)
Stlth    ..........             (no amulet)
HPRegen  0.25/turn              m - ring of wizardry
MPRegen  0.12/turn              (no ring)

@: lightly drained
A: no striking features
a: no special abilities


You were on level 10 of the Dungeon.
You were not hungry.

You visited 2 branches of the dungeon, and saw 11 of its levels.
You also visited: Ossuary.

You collected 483 gold pieces.
You spent 104 gold pieces at shops.

Inventory:

Hand Weapons
 a - a +0 long sword
 h - a +3 falchion of freezing (weapon)
 s - a +0 war axe of flaming
 t - a +0 arbalest
 I - the +1 long sword "Ikheefye" {venom, *Rage MR+ Int-2 Dex+6}
   (You found it on level 8 of the Dungeon)

   It poisons the flesh of those it strikes.
   It affects your intelligence (-2).
   It affects your dexterity (+6).
   It affects your resistance to hostile enchantments.
   It may make you go berserk in combat.
Missiles
 i - 3 silver boomerangs (quivered)
 r - 56 poisoned darts
 u - 115 bolts
 v - 10 javelins
Armour
 c - a +1 kite shield (worn)
 g - a +0 chain mail (worn)
 A - +0 steam dragon scales
Jewellery
 b - an uncursed amulet of magic regeneration {unknown}
 m - a ring of wizardry (left hand)
 C - an uncursed amulet of the acrobat {unknown}
 G - an uncursed amulet of reflection {unknown}
 J - an uncursed amulet of magic regeneration {unknown}
Wands
 q - a wand of acid (7)
 y - a wand of paralysis (12)
 D - a wand of polymorph (6)
Scrolls
 e - 4 scrolls of teleportation
 k - 3 scrolls of enchant armour
 l - 4 scrolls of remove curse
 n - 5 scrolls of immolation
 H - 2 scrolls of magic mapping
 L - a scroll of blinking
Potions
 j - a potion of stabbing
 o - a potion of cancellation {unknown}
 p - 2 potions of resistance
 w - 4 potions of flight
 x - 3 potions of ambrosia {unknown}
 z - 6 potions of curing
 B - 2 potions of haste {unknown}
 E - 2 potions of mutation {unknown}
 F - a potion of brilliance {unknown}
 K - a potion of might
Comestibles
 f - 21 rations
 M - 4 chunks of flesh


   Skills:
 + Level 8.6(8.3) Fighting
 + Level 10.5(10.2) Long Blades
 + Level 9.5(9.1) Armour
 + Level 3.4(3.1) Dodging
 + Level 1.1(0.9) Stealth
 + Level 9.4(9.0) Shields


You had 8 spell levels left.
You knew the following spells:

 Your Spells              Type           Power        Failure   Level  Hunger
a - Animate Skeleton      Necr           N/A          89%         1    ##.....
b - Magic Dart            Conj           #...         89%         1    ##.....

Your spell library contained the following spells:

 Spells                   Type           Power        Failure   Level  Hunger
 Pain                     Necr           #...         89%         1    ##.....
 Poisonous Vapours        Pois/Air       #.....       96%         2    ###....
 Searing Ray              Conj           #.....       96%         2    ###....
 Confusing Touch          Hex            #.......     99%         3    ####...
 Conjure Flame            Conj/Fire      #.......     99%         3    ####...
 Dazzling Flash           Conj/Hex       #.....       99%         3    ####...
 Gell's Gravitas          Tloc           #.........   99%         3    ####...
 Mephitic Cloud           Conj/Pois/Air  #.......     99%         3    ####...
 Vampiric Draining        Necr           #.........   99%         3    ####...
 Animate Dead             Necr           N/A          100%        4    #####..
 Fulminant Prism          Conj/Hex       #.........   100%        4    #####..
 Iskenderun's Mystic Bla  Conj/Tloc      #.......     100%        4    #####..
 Petrify                  Tmut/Erth      #.......     100%        4    #####..
 Agony                    Necr           #.......     100%        5    ######.
 Metabolic Englaciation   Hex/Ice        #.........   100%        5    ######.
 Yara's Violent Unravell  Hex/Tmut       #.........   100%        5    ######.
 Freezing Cloud           Conj/Ice/Air   #.........   100%        6    #######
 Ring of Flames           Chrm/Fire      #.........   100%        7    #######


Dungeon Overview and Level Annotations

Branches:
Dungeon (10/15)            Temple (1/1) D:7             Orc (0/2) D:10
Ossuary (visited)
   Lair: D:8-11

Altars:
Ashenzari
Cheibriados
Dithmenos
Elyvilon
Fedhas
Gozag
Hepliaklqana
Kikubaaqudgha
Makhleb
Nemelex Xobeh
Okawaru
Qazlal
Ru
Sif Muna
Trog
Uskayaw
Vehumet
Wu Jian
Xom
Yredelemnul
Zin
The Shining One

Shops:
D:8 !

Annotations:
D:8 2 transporters, kthxbai's ghost, novice DEFE


Message History

You blink.
You block the wight's attack. You block the orc's attack.
You block the orc's attack.
The orc dissolves into shadows!
You slash the orc! You freeze the orc.
You kill the orc!
The orc's corpse dissolves into shadows!
You block the wight's attack.
You hit the wight.
The wight is lightly damaged.
The orc warrior barely misses you.
You slash the wight!
The wight is heavily damaged.
The wight hits you with a +0 long sword!
* * * LOW HITPOINT WARNING * * *
You slash the wight!
You destroy the wight!
The orc warrior hits you from afar with a +2 glaive of distortion!!
You die...

#.# # #.# #' #.# ...
#.### .... #...#
#....##...#.# #........#
#.#####+##.# #.#
#@#......#.. #.#
#)#......##.###.#
###o#......##..##.##
#..z.o............. ##
#............#z##.#
#..#.........####..#.##
...#............o§......
#.............#####...##
.....######...# ##..#


You could see an orc warrior (summoned) and a wight.

Vanquished Creatures
  A two-headed ogre (D:9)
  An unseen horror (D:10)
  The ghost of TreeFish the Conjurer, a novice HuCj (D:5)
  Maggie (D:6)
  A troll (D:9)
  2 hippogriffs
  A spriggan (D:7)
  2 wyverns
  5 yaks (D:9)
  An orc warrior (D:6)
  A sky beast (D:9)
  3 ogres
  5 phantoms
  3 centaurs
  2 big kobolds
  4 bullfrogs
  A wyvern skeleton (D:10)
  A water moccasin skeleton (D:6)
  A scorpion (D:8)
  6 killer bees (D:7)
  9 wights
  A howler monkey (D:5)
  A bullfrog zombie (D:8)
  4 crimson imps
  5 jellies
  3 hounds
  3 orc priests
  2 bullfrog skeletons
  A human zombie (Ossuary)
  2 iguanas
  6 orc wizards
  Natasha (twice) (D:1)
  11 worker ants
  A big kobold zombie (Ossuary)
  A hound zombie (D:7)
  A hound skeleton (D:4)
  4 mummies (Ossuary)
  A howler monkey zombie (D:5)
  4 worker ant zombies
  10 adders
  3 gnolls (D:2)
  2 shadow imps
  2 oozes (D:3)
  2 adder zombies (D:9)
  An adder skeleton (D:6)
  2 worms
  4 dart slugs
  9 leopard geckos
  21 orcs
  2 ball pythons
  8 bats
  4 giant cockroaches
  5 gnoll zombies
  10 goblins
  9 hobgoblins
  5 jackals
  3 quokkas
  A ball python skeleton (D:4)
  6 frilled lizards
  2 goblin zombies (Ossuary)
  9 kobolds
  An orc zombie (Ossuary)
  A quokka skeleton (D:6)
  A quokka zombie (D:7)
  10 rats
238 creatures vanquished.

Vanquished Creatures (others)
  6 plants (D:10)
6 creatures vanquished.

Grand Total: 244 creatures vanquished

Notes
Turn   | Place    | Note
-------+----------+-------------------------------------------
     0 | D:1      | Eitelfritz the Hill Orc Fighter began the quest for the
                  | Orb.
     0 | D:1      | Reached XP level 1. HP: 19/19 MP: 1/1
   288 | D:1      | Reached XP level 2. HP: 27/27 MP: 2/2
   764 | D:2      | Reached XP level 3. HP: 31/33 MP: 3/3
   876 | D:2      | Noticed Natasha
  1144 | D:1      | Killed Natasha
  1144 | D:1      | Reached skill level 3 in Long Blades
  1144 | D:1      | Reached XP level 4. HP: 30/40 MP: 4/4
  1190 | D:1      | Noticed Natasha
  1199 | D:1      | Killed Natasha
  1455 | D:2      | Found a stormy altar of Qazlal.
  1462 | D:2      | Reached XP level 5. HP: 41/46 MP: 5/5
  1681 | D:2      | Reached skill level 1 in Dodging
  2846 | D:3      | Reached skill level 4 in Long Blades
  3024 | D:3      | Found a stormy altar of Qazlal.
  3430 | D:4      | Reached XP level 6. HP: 39/53 MP: 6/6
  3494 | D:4      | Found a sand-covered staircase.
  3527 | Ossuary  | Entered an ossuary
  4141 | D:4      | Reached skill level 5 in Long Blades
  4181 | D:4      | Reached XP level 7. HP: 47/60 MP: 7/7
  4459 | D:4      | Found a glowing golden altar of the Shining One.
  4524 | D:4      | Reached skill level 5 in Fighting
  4623 | D:4      | Reached skill level 5 in Armour
  4774 | D:4      | Reached skill level 6 in Long Blades
  5065 | D:4      | Learned a level 1 spell: Animate Skeleton
  5067 | D:4      | Learned a level 1 spell: Magic Dart
  5110 | D:5      | Entered Level 5 of the Dungeon
  5136 | D:5      | Found a snail-covered altar of Cheibriados.
  5182 | D:5      | Found a runed translucent door.
  5182 | D:5      | Noticed TreeFish's ghost (novice HuCj)
  5336 | D:5      | Found a bloodstained altar of Trog.
  5430 | D:5      | Reached XP level 8. HP: 66/69 MP: 8/8
  5649 | D:5      | Reached skill level 7 in Long Blades
  6172 | D:5      | Reached skill level 5 in Shields
  6442 | D:6      | Noticed Maggie
  6467 | D:6      | Killed Maggie
  6859 | D:6      | Reached skill level 8 in Long Blades
  6859 | D:6      | Reached XP level 9. HP: 17/77 MP: 9/9
  6866 | D:6      | HP: 1/77 [orc priest/divine providence (14)]
  6898 | D:6      | HP: 3/78 [something/magic dart (4)]
  8895 | D:7      | Found a staircase to the Ecumenical Temple.
  8958 | D:7      | Found a blossoming altar of Fedhas.
  9051 | Temple   | Entered the Ecumenical Temple
  9504 | D:7      | Reached skill level 9 in Long Blades
  9769 | D:8      | Found a hide-covered altar of Uskayaw.
  9884 | D:8      | Reached XP level 10. HP: 71/86 MP: 10/10
 10004 | D:8      | Found Idghim's Distillery.
 10012 | D:8      | Bought a potion of heal wounds for 65 gold pieces
 10012 | D:8      | Bought a potion of curing for 39 gold pieces
 10180 | D:8      | Found a shimmering altar of Xom.
 10182 | D:8      | Found an ancient bone altar of Kikubaaqudgha.
 10364 | D:8      | Found a transporter.
 10369 | D:8      | Found a transporter.
 10369 | D:8      | Noticed kthxbai's ghost (novice DEFE)
 10393 | D:8      | Found a sparkling altar of Nemelex Xobeh.
 10394 | D:8      | Found a burning altar of Makhleb.
 10395 | D:8      | Found a shadowy altar of Dithmenos.
 10399 | D:8      | Got a transparent long sword
 10411 | D:8      | Found a white marble altar of Elyvilon.
 11144 | D:5      | Killed TreeFish's ghost
 11177 | D:6      | Identified the cursed +1 long sword "Ikheefye" {venom,
                  | *Rage MR+ Int-2 Dex+6} (You found it on level 8 of the
                  | Dungeon)
 11273 | D:9      | Found an opulent altar of Gozag.
 11833 | D:9      | Noticed a two-headed ogre
 11856 | D:9      | Killed a two-headed ogre
 12425 | D:9      | Found a basalt altar of Yredelemnul.
 12466 | D:9      | Reached skill level 10 in Long Blades
 12786 | D:10     | Entered Level 10 of the Dungeon
 12812 | D:10     | Found a staircase to the Orcish Mines.
 12848 | D:10     | Reached XP level 11. HP: 67/94 MP: 11/11
 12873 | D:10     | Reached skill level 1 in Stealth
 13200 | D:10     | Killed an unseen horror
 13299 | D:10     | Slain by an orc warrior

Illustrated notes

Levels and vault maps discovered:
D:1:      dpeg_arrival_rooms_with_view, layout_basic, minmay_misc_feat_plants
D:2:      layout_rooms, nicolae_qazlal_eye_of_the_storm, first_ration,
          uniq_natasha
D:3:      layout_basic, lemuel_altar_in_water
D:4:      layout_rooms, tso_metal_star, enter_ossuary_1,
          minmay_fractal_squares_gapless_5
D:5:      layout_loops_ring, kennysheep_slug_shrine, old_standard_altar,
          hellmonk_ghost_happy_afterlife
D:6:      minmay_cornered_nines, layout_loops_corners, uniq_maggie
D:7:      layout_loops_cross, fedhas_altar_4,
          minmay_temple_entry_drinking_statues, serial_rivers,
          chequers_serial_rivers_small_b, chequers_serial_rivers_micro_a,
          chequers_serial_rivers_room_b, chequers_serial_rivers_small_a,
          chequers_serial_rivers_large_b, the_bakery
D:8:      layout_basic, lemuel_crystal_altar, nicolae_overflow_hidden_temple,
          nemelex_xobeh_ov_fountains_minmay, serial_shops,
          nicolae_shop_statue_plus, gammafunk_ghost_mausoleum
D:9:      layout_roguey, lemuel_zombie_altar_yredelemnul, basic_altar
D:10:     layout_basic, dpeg_oklobed_lair, minmay_orc_entry_temple_small,
          grunt_ministairs_6, st_stairs_11
Temple:   nicolae_temple_figure_zero

Skill      XL: |  1  2  3  4  5  6  7  8  9 10 11 |
---------------+----------------------------------+-----
Fighting       | 4 5 6 7 8 |  8.6
Long Blades    | 3 4 5 6 8 9 10 | 10.5
Shields        | 4 5 7 9 |  9.4
Dodging        | 1 2 3 |  3.4
Armour         | 4 5 6 8 9 |  9.5
Stealth        | 1 |  1.1

Action                   |  1- 3 |  4- 6 |  7- 9 | 10-12 || total
-------------------------+-------+-------+-------+-------++-------
Melee: Long sword        |   101 |   264 |   425 |       ||   790
       Falchion          |       |       |   230 |   329 ||   559
  Use: Scroll            |       |       |    14 |     1 ||    15
       Potion            |       |       |     7 |     1 ||     8
  Eat: Chunk             |     1 |     8 |    11 |     8 ||    28
       Ration            |       |     1 |     2 |     1 ||     4
Armor: Scale mail        |    45 |    92 |    29 |       ||   166
       Chain mail        |       |       |   242 |    97 ||   339
Dodge: Dodged            |    33 |    77 |   134 |    49 ||   293
Block: Kite shield       |    80 |   122 |   324 |   141 ||   667
       Rpst.: Long sword |     8 |    23 |    20 |       ||    51
       Falchion          |       |       |    18 |    15 ||    33
